 Dungeon Crawl Stone Soup version 0.30.1-11-g7821555f0a (webtiles) character file.

Game seed: 16703108574692243914

42 andronian the Poker (level 3, 0/29 HPs)
             Began as a Merfolk Monk on Nov 25, 2023.
             Frozen to death by an endoplasm (2 damage)
             ... on level 1 of the Dungeon.
             The game lasted 00:02:04 (823 turns).

andronian the Poker (Merfolk Monk)                   Turns: 823, Time: 00:02:05

Health: 0/29       AC: -2    Str: 13    XL:     3   Next: 54%
Magic:  3/3        EV: 13    Int:  9    God:
Gold:   18         SH:  0    Dex: 16    Spells: 2/2 levels left

rFire   . . .        a - +0 spear
rCold   . . .        d - orb {light}
rNeg    . . .        b - +0 robe
rPois   .            (no helmet)
rElec   .            (no cloak)
rCorr   .            (no gloves)
SInv    .            (no boots)
Will    .....        (no amulet)
Stlth   +            (no ring)
HPRegen 0.24/turn    (no ring)
MPRegen 0.08/turn

%: no passive effects
@: corroded, glowing
A: (nimble swimmer 2), mertail
a: no special abilities


You were on level 1 of the Dungeon.
You visited 1 branch of the dungeon, and saw 1 of its levels.

You collected 40 gold pieces.
You spent 22 gold pieces at shops.

Inventory:

Hand Weapons
 a - a +0 spear (weapon)
Armour
 b - a +0 robe (worn)
 d - an orb of light (worn)
 g - a +0 ring mail
Jewellery
 i - an amulet of reflection
Scrolls
 e - a scroll of acquirement {unknown}
 f - a scroll of immolation {unknown}
 h - a scroll of teleportation {unknown}
 l - a scroll of identify
 m - a scroll of fear {unknown}
Potions
 c - a potion of ambrosia
 j - a potion of curing
 k - a potion of flight {unknown}


   Skills:
 - Level 3.2 Fighting
 + Level 5.9 Polearms
 - Level 4.0 Dodging


You had 2 spell levels left.
You didn't know any spells.
Your spell library was empty.

Dungeon Overview and Level Annotations

Branches:
Dungeon (1/15)

Altars:

Shops:
D:1 ?


Innate Abilities, Weirdness & Mutations

((You are very nimble when in or above water. (Stealth+, EV+, Speed+++)))
Your lower body shifts to a powerful aquatic tail in water.


Message History

You hit the endoplasm.
You kill the endoplasm!
You hit the jackal.
The jackal is severely wounded.
The jackal bites you.
The rat twitches its whiskers.
You are too injured to fight recklessly!
You are too injured to fight recklessly!
You are too injured to fight recklessly!
You are too injured to fight recklessly!
You are too injured to fight recklessly!
You hit the jackal.
You kill the jackal!
You hit the rat.
You kill the rat!
The rat barely misses you. The endoplasm freezes you.
You are frozen.
There is an open translucent door here.
You see here a giant cockroach corpse.
Reach: a) +0 spear
Press: ? - help, Dir - move target, f - jelly
Aim: a jelly (haloed, about 3% to evade your +0 spear)
Okay, then.
Reach: a) +0 spear
Press: ? - help, Dir - move target, f - jelly
Aim: a jelly (haloed, about 3% to evade your +0 spear)
You hit the jelly.
Your hands burn!
The jelly is heavily wounded.
The rat bites you but does no damage. The endoplasm completely misses you.
Reach: a) +0 spear
Press: ? - help, Dir - move target, f/p - jelly
Aim: a jelly (heavily wounded, haloed, about 3% to evade your +0 spear)
You hit the jelly but do no damage. The acid corrodes you!
Your hands burn!
The jelly is heavily wounded.
The rat barely misses you. The jelly hits you.
You are splashed with acid!
* * * LOW HITPOINT WARNING * * *
The endoplasm freezes you.
You are frozen.
You die...

.##..##.......#.####
)...##......###....#######
#####....................#
.......#.###+#######'###.#
###....#.#..⌠...>...⌠..#.#
###.#....#......<......#.#
#...#..#.'⌠....###....⌠'.#
..###.##.#.............#.#
### #.##.#######@#######)#
###....#.....rJJJJ...#.#
#...#..#.....wBJh....#.# #
######.#......B......#.# #
#..###############.#
#######........(.........#
.....##....####..........#
.........######..........#
.######..................#


You could see a worm, a jelly, 4 endoplasms, a jackal, 2 giant cockroaches and a
rat.

Vanquished Creatures
  2 dart slugs (D:1)
  2 endoplasms (D:1)
  4 giant cockroaches (D:1)
  2 goblins (D:1)
  7 hobgoblins (D:1)
  2 jackals (D:1)
  3 kobolds (D:1)
  A quokka (D:1)
  3 ball pythons (D:1)
  2 frilled lizards (D:1)
  3 rats (D:1)
31 creatures vanquished.

Notes
Turn   | Place    | Note
-------+----------+-------------------------------------------
     0 | D:1      | andronian the Merfolk Monk began the quest for the Orb.
     0 | D:1      | Reached XP level 1. HP: 18/18 MP: 1/1
     1 | D:1      | Found a runed translucent door.
   113 | D:1      | Reached XP level 2. HP: 23/24 MP: 2/2
   123 | D:1      | Found a faded altar of an unknown god.
   170 | D:1      | Reached skill level 5 in Polearms
   411 | D:1      | Reached XP level 3. HP: 15/29 MP: 3/3
   577 | D:1      | Found Zethudgh's Magic Scroll Emporium.
   580 | D:1      | Bought a scroll of identify for 22 gold pieces
   823 | D:1      | Frozen to death by an endoplasm

Illustrated notes

Levels and vault maps discovered:
D:1:      dpeg_arrival_caged_fury, layout_rooms, serial_shops,
          nicolae_shop_rolled_up, shapermc_ecumenical_altar_venn,
          bh_walls_and_bars

Skill      XL: |  1  2 |
---------------+-------+-----
Polearms       | 5 |  5.9
Fighting       | |  3.2
Dodging        | |  4.0

Action                     || total
---------------------------++-------
  Melee: Spear             ||   102
    Use: Scroll            ||     1
 Armour: Robe              ||     8
  Dodge: Dodged            ||    40
